 Dungeon Crawl Stone Soup version 0.30-a0-778-g2ef04afb54 (console) character file.

Game seed: 3859904233486075477

136 rlgrobin the Chopper (level 5, -4/45 HPs)
             Began as a Meteoran Fighter on Feb 15, 2023.
             Slain by Duvessa
             ... wielding a +0 short sword of venom
              (7 damage)
             ... on level 5 of the Dungeon.
             The game lasted 00:01:40 (315 turns).

rlgrobin the Chopper (Meteoran Fighter)              Turns: 315, Time: 00:01:40

Health: -4/45      AC:  6    Str: 19    XL:     5   Next: 71%
Magic:  6/6        EV:  9    Int: 10    God:
Gold:   0          SH:  5    Dex: 13    Spells: 4/4 levels left

rFire   . . .      SeeInvis .    a - +1 war axe (elec)
rCold   . . .      Faith    .    c - +0 buckler
rNeg    . . .      Spirit   .    b - +0 scale mail
rPois   .          Reflect  .    (no helmet)
rElec   .          Harm     .    (no cloak)
rCorr   .          Rampage  .    (no gloves)
Will    .....                    (no boots) Stlth
                                 (no amulet)
HPRegen 0.27/turn                (no ring)
MPRegen 0.10/turn                (no ring)

@: mighty, lethally poisoned (-4 -> -40), glowing
A: sense surroundings 1, otherworldly, glowing, explore regen
a: no special abilities


You were on level 5 of the Dungeon.
You visited 1 branch of the dungeon, and saw 5 of its levels.

Inventory:

Hand Weapons
 a - a +1 war axe of electrocution (weapon)
 g - a +0 war axe
Armour
 b - a +0 scale mail (worn)
 c - a +0 buckler (worn)
Scrolls
 e - a scroll of immolation {unknown}
 f - a scroll of identify {unknown}
 h - a scroll of fear {unknown}


   Skills:
 - Level 3.2 Fighting
 + Level 6.3 Axes
 - Level 3.6 Armour
 - Level 3.6 Shields


You had 4 spell levels left.
You didn't know any spells.
Your spell library was empty.

Dungeon Overview and Level Annotations

Branches:
Dungeon (5/15) Zot: 2661
 Temple: D:4-7

Altars:

Shops:
D:5 *

Annotations:
D:5 Duvessa


Innate Abilities, Weirdness & Mutations

You passively map a small area around you.
You are easily found by Zot.
You glow in the dark.
You regain HP and MP as you explore.


Message History

The ufetubus barely misses you. The ufetubus hits you. x2
You slash the ufetubus! Lightning courses through the ufetubus!
You kill the ufetubus!
Dowan, Brother of Duvessa comes into view.
He is wielding a +0 dagger, wearing a +1 robe of fire resistance and carrying a wand of polymorph (8).
Dowan shouts!
You aren't carrying any items that you can evoke.
You feel very mighty all of a sudden.
Duvessa, Sister of Dowan comes into view.
She is wielding a +0 short sword of venom and wearing a +3 leather armour of fire resistance.
Found a dagger.
Duvessa shouts!
Dowan hits you with a +0 dagger.
You slice Dowan!! Lightning courses through Dowan!
You kill Dowan!
Duvessa weeps, and shakes her weapon.
Duvessa goes berserk!
You completely miss the bush.
Your Axes skill increases to level 6!
You hit Duvessa.
Duvessa is lightly wounded.
You hit the bush but do no damage.
Duvessa hits you with a +0 short sword of venom.
You are poisoned.
Duvessa hits you with a +0 short sword of venom!
You are lethally poisoned!
You hit Duvessa.
Duvessa is moderately wounded.
You hit the bush.
You feel very sick.
Duvessa hits you with a +0 short sword of venom.
* * * LOW HITPOINT WARNING * * *
You are more poisoned.
Duvessa completely misses you.
You barely miss Duvessa.
Duvessa is moderately wounded.
You slash the bush!
* * * LOW HITPOINT WARNING * * *
You feel extremely sick. Duvessa hits you but does no damage.
You are more poisoned.
Duvessa hits you with a +0 short sword of venom!
You die...

.... ,* .. , ~ * .~~
..... ~ ,~~ ....., ♣♣
*PP.#+###..... *
♣P.P♣♣)P........# ,
..P♣.♣........# , ,, _
..P♣........# , , * ,
,♣e♣........# , * ,
♣)@........# ,
*♣PP.........# , ,
..P~~........#
*♣♣P.~~........#####..
* ,
####+##............. ,
,,,, , #.............
, #............., , ,
, , ,#............. *
* ####+##.............


You could see Duvessa (berserk).

Vanquished Creatures
  Dowan (D:5)
  2 iguanas (D:5)
  An adder (D:5)
  An ufetubus (D:5)
  A worm (D:3)
  6 orcs (D:5)
  2 goblins (D:3)
  A hobgoblin (D:1)
  A kobold (D:2)
  A quokka (D:3)
  A ball python (D:3)
  A rat (D:1)
19 creatures vanquished.

Notes
Turn   | Place    | Note
-------+----------+-------------------------------------------
     0 | D:1      | rlgrobin the Meteoran Fighter began the quest for the Orb.
     0 | D:1      | Reached XP level 1. HP: 19/19 MP: 2/2
    79 | D:3      | Reached skill level 3 in Axes
    79 | D:3      | Reached XP level 2. HP: 22/26 MP: 3/3
   141 | D:5      | Entered Level 5 of the Dungeon
   150 | D:5      | Reached XP level 3. HP: 21/31 MP: 4/4
   151 | D:5      | Reached skill level 4 in Axes
   182 | D:5      | Reached XP level 4. HP: 11/38 MP: 5/5
   192 | D:5      | Found Qipsomn's General Store.
   212 | D:5      | Reached skill level 5 in Axes
   282 | D:5      | Reached XP level 5. HP: 11/45 MP: 6/6
   308 | D:5      | Noticed Dowan
   311 | D:5      | Noticed Duvessa
   312 | D:5      | Killed Dowan
   313 | D:5      | Reached skill level 6 in Axes
   315 | D:5      | Slain by Duvessa

Illustrated notes

Levels and vault maps discovered:
D:1:      evilmike_arrival_crescent, layout_basic
D:2:      layout_loops_corners, basic_altar, serial_shops,
          nicolae_shop_competitors_out_of_business
D:3:      layout_rooms, uniq_ijyb
D:4:      layout_loops_ring, lemuel_temple_firewalk_b
D:5:      layout_gridville, nicolae_elyvilon_peaceful_grove, serial_shops, shop,
          uniq_duvessa

Skill      XL: |  1  2  3  4  5 |
---------------+----------------+-----
Axes           | 3 4 5 6 |  6.3
Fighting       | |  3.2
Armour         | |  3.6
Shields        | |  3.6

Action                     |  1- 3 |  4- 6 || total
---------------------------+-------+-------++-------
  Melee: War axe           |    44 |    26 ||    70
    Use: Potion            |       |     1 ||     1
 Armour: Scale mail        |    23 |    10 ||    33
  Dodge: Dodged            |    14 |    11 ||    25
  Block: Buckler           |    13 |     6 ||    19

Table legend: (Time is in decaauts)
 A = Elapsed time spent in this place.
 B = Non-inter-level travel time spent in this place.
 C = Inter-level travel time spent in this place.
 D = Time resting spent in this place.
 E = Time spent auto-exploring this place.
 F = Levels seen in this place.
 G = Mean time per level.
                   A        B        C        D        E       F      G
               +--------+--------+--------+--------+--------+-----+--------+
         Total |    337 |    337 |      0 |      0 |      0 |   5 |   67.4 |
       Dungeon |    337 |    337 |      0 |      0 |      0 |   5 |   67.4 |
               +--------+--------+--------+--------+--------+-----+--------+

Top non-repeatable levels by time:
     D:5: 186 daAuts
     D:3: 68 daAuts
     D:1: 61 daAuts
     D:4: 13 daAuts
     D:2: 6 daAuts
